 Dungeon Crawl Stone Soup version 0.29-a0-620-g13ace881f2 (webtiles) character file.

Game seed: 5292129638774483322

27 enile the Skirmisher (level 3, 0/37 HPs)
             Began as an Ogre Air Elementalist on June 19, 2022.
             Slain by a hobgoblin (2 damage)
             ... led by Robin
             ... on level 2 of the Dungeon.
             The game lasted 00:02:19 (1335 turns).

enile the Skirmisher (Ogre Air Elementalist)        Turns: 1335, Time: 00:02:20

Health: 0/37       AC:  3    Str: 12    XL:     3   Next: 10%
Magic:  7/7        EV:  9    Int: 18    God:
Gold:   44         SH:  0    Dex:  9    Spells: 5/8 levels left

rFire   . . .      SeeInvis .   i - +1 mace
rCold   . . .      Faith    .   (no shield)
rNeg    . . .      Spirit   .   a - +0 robe
rPois   .          Reflect  .   (helmet restricted)
rElec   .          Harm     +   d - scarf {harm}
rCorr   .          Rampage  .   (gloves unavailable)
Will    .....                   (boots unavailable)
Stlth   +.........              (no amulet)
HPRegen 0.12/turn               (no ring)
MPRegen 0.10/turn               (no ring)

@: brilliant, weak-willed
A: large, unfitting armour, tough skin 1
a: no special abilities


You were on level 2 of the Dungeon.
You visited 1 branch of the dungeon, and saw 2 of its levels.

You collected 44 gold pieces.

Inventory:

Hand Weapons
 e - a +0 dagger
 i - a +1 mace (weapon)
Armour
 a - a +0 robe (worn)
 d - a scarf of harm (worn)
Scrolls
 p - a scroll of acquirement {unknown}
 s - a scroll of identify {unknown}
Potions
 b - a potion of magic
 f - a potion of mutation {unknown}
 g - a potion of cancellation {unknown}
 h - a potion of attraction {unknown}
 j - a potion of invisibility {unknown}
 l - a potion of degeneration {unknown}
 o - a potion of haste {unknown}


   Skills:
 - Level 3.0 Fighting
 - Level 1.7 Dodging
 - Level 1.4 Stealth
 - Level 3.0 Spellcasting
 - Level 0.8 Conjurations
 + Level 2.6 Air Magic


You had 5 spell levels left.
You knew the following spells:

 Your Spells              Type           Power      Damage    Failure   Level
a - Shock                 Conj/Air       52%        1d6       8%          1
b - Static Discharge      Conj/Air       13%        N/A       12%         2

Your spell library contained the following spells:

 Spells                   Type           Power      Damage    Failure   Level
 Swiftness                Air            18%        N/A       16%         3
 Airstrike                Air            9%         N/A       47%         4


Dungeon Overview and Level Annotations

Branches:
Dungeon (2/15)

Altars:

Annotations:
D:2 Robin


Innate Abilities, Weirdness & Mutations

You are too large for most types of armour.
You have tough skin. (AC +1)


Message History

The goblin shouts!
The goblin attacks as you move away! The goblin hits you with a +0 club.
Robin throws the goblin at you! The goblin closely misses you.
You closely miss the goblin.
The goblin no longer looks unusually strong.
The goblin hits you with a +0 club. The goblin barely misses you.
The goblin completely misses you. The goblin hits you with a +0 club.
As you read the scroll labelled ROTILI ZYSUTHU, it crumbles to dust.
Magic quickly surges around you.
It was a scroll of vulnerability.
The hobgoblin no longer looks unusually strong.
The goblin no longer looks unusually strong.
The goblin hits you with a +0 club. The hobgoblin barely misses you.
The goblin hits you with a +0 dagger.
Okay, then.
The hobgoblin attacks as you move away! The hobgoblin hits you.
The goblin hits you but does no damage.
The air fills with toxic fumes!
As you read the scroll labelled ETUFRA YGOT, it crumbles to dust.
It was a scroll of poison.
The hobgoblin hits you but does no damage.
The hobgoblin closely misses you. The goblin hits you with a +0 dagger.
The goblin closely misses you.
It was a potion of brilliance.
You feel clever all of a sudden.
The hobgoblin no longer looks unusually strong.
The goblin hits you with a +0 dagger. The hobgoblin hits you.
* * * LOW HITPOINT WARNING * * *
The goblin hits you but does no damage.
Robin roars a battlecry!
The goblins go into a battle-frenzy!
The hobgoblin hits you.
* * * LOW HITPOINT WARNING * * *
Okay, then.
As you read the scroll labelled DOSECV FOILO, it crumbles to dust.
It is a scroll of enchant weapon.
Your +0 mace glows red for a moment.
The goblin no longer looks unusually strong.
The hobgoblin hits you but does no damage.
The hobgoblin hits you.
You die...

....†.....# #.#<.....#
..........## ###§############
.......##..# #§§§§§§.........
.......###.#######§§§§§§#########
.......# #..##§§§§§§§§§§'.......
.......# ##.##§§§§§§§§§§########
####...# #..#§§§§§§§§§§# #####
##§#§g§§§§§§§§########
########§§§g@§§§§§§§.......#
.....§§§§§ggg§####§§.......#
#########§#§§§# #.........#
###'#§§§####.........#
#..g§§g§§##......#####
#..§§§§§§##......#
########g.§§§§§§##......#
#.....§§..§.§§§§##......#
#......§§§§.....##......#


You could see Robin (weak-willed), 2 hobgoblins and 3 goblins.

Vanquished Creatures
  A dart slug (D:1)
  A ball python (D:1)
  3 bats
  6 goblins
  A hobgoblin (D:1)
  3 quokkas
  2 frilled lizards (D:1)
  3 kobolds
  3 rats (D:1)
23 creatures vanquished.

Notes
Turn   | Place    | Note
-------+----------+-------------------------------------------
     0 | D:1      | enile the Ogre Air Elementalist began the quest for the
                  | Orb.
     0 | D:1      | Reached XP level 1. HP: 16/16 MP: 3/3
    90 | D:1      | Reached skill level 1 in Fighting
   129 | D:1      | You fall into a shaft and drop 1 floor!
   220 | D:2      | Reached XP level 2. HP: 28/28 MP: 3/5
   827 | D:1      | Reached XP level 3. HP: 37/37 MP: 4/7
   964 | D:1      | Learned a level 2 spell: Static Discharge
  1316 | D:2      | Noticed Robin
  1335 | D:2      | Slain by a hobgoblin

Illustrated notes

Levels and vault maps discovered:
D:1:      dpeg_arrival_boxorama, layout_basic
D:2:      layout_basic, uniq_robin

Skill      XL: |  1  2  3 |
---------------+----------+-----
Fighting       | 2 3 |  3.0
Spellcasting   | 3 |  3.0
Dodging        | |  1.7
Stealth        | |  1.4
Conjurations   | |  0.8
Air Magic      | |  2.6

Action                   || total
-------------------------++-------
Melee: Unarmed           ||     5
       Dagger            ||     5
       Punch             ||     1
       Mace              ||     5
 Cast: Shock             ||    45
  Use: Scroll            ||     6
       Potion            ||     1
Armor: Robe              ||    13
Dodge: Dodged            ||    17

Table legend: (Time is in decaauts)
 A = Elapsed time spent in this place.
 B = Non-inter-level travel time spent in this place.
 C = Inter-level travel time spent in this place.
 D = Time resting spent in this place.
 E = Time spent auto-exploring this place.
 F = Levels seen in this place.
 G = Mean time per level.
                   A        B        C        D        E       F      G
               +--------+--------+--------+--------+--------+-----+--------+
         Total |   1335 |   1313 |     22 |     20 |   1072 |   2 |  667.5 |
       Dungeon |   1335 |   1313 |     22 |     20 |   1072 |   2 |  667.5 |
               +--------+--------+--------+--------+--------+-----+--------+

Top non-repeatable levels by time:
     D:1: 975 daAuts
     D:2: 359 daAuts
